 Dungeon Crawl Stone Soup version 0.30-a0-591-g3c58d2bc28 (webtiles) character file.

Game seed: 12891378945300861253

140 wormed the Insei (level 5, 0/40 HPs)
             Began as an Octopode Transmuter on Jan 5, 2023.
             Killed by nerve-wracking pain
             ... invoked by Grinder
              (14 damage)
             ... on level 3 of the Dungeon.
             The game lasted 00:04:21 (1993 turns).

wormed the Insei (Octopode Transmuter)              Turns: 1993, Time: 00:04:22

Health: 0/40       AC:  6    Str:  9    XL:     5   Next: 23%
Magic:  4/8        EV: 10    Int: 17    God:
Gold:   1441       SH:  0    Dex: 13    Spells: 1/8 levels left

rFire   x . .      SeeInvis .      - Unarmed
rCold   + + +      Faith    .    (shield currently unavailable)
rNeg    . . .      Spirit   .    (helmet currently unavailable)
rPois   +          Reflect  .    (no amulet)
rElec   .          Harm     .    a - ring of wizardry
rCorr   .          Rampage  .    (no ring)
Will    .....                    (no ring)
Stlth   +                        (no ring)
HPRegen 0.26/turn                (no ring)
MPRegen 0.11/turn                (no ring)
                                 (no ring)
                                 (no ring)

@: ice-form
A: freezing attack, boosted hp, almost no armour, amphibious, 8 rings, large,
(camouflage 1), (gelatinous body 1), (nimble swimmer 1), (tentacles)
a: End Transformation


You were on level 3 of the Dungeon.
You were a creature of crystalline ice.
You visited 1 branch of the dungeon, and saw 3 of its levels.

You collected 1441 gold pieces.

Inventory:

Jewellery
 a - a ring of wizardry (left front paw)
 e - a ring of fire
Scrolls
 d - a scroll of blinking {unknown}
 g - a scroll of teleportation
 i - a scroll of enchant armour {unknown}
Potions
 b - 2 potions of attraction {unknown}
 c - a potion of might {unknown}
 f - 2 potions of heal wounds {unknown}
 h - 4 potions of flight
 j - 2 potions of haste {unknown}


   Skills:
 + Level 1.9 Fighting
 + Level 2.5 Dodging
 + Level 3.5 Unarmed Combat
 + Level 2.4 Spellcasting
 * Level 3.3 Transmutations
 + Level 1.4 Ice Magic


You had one spell level left.
You knew the following spells:

 Your Spells              Type           Power      Damage    Failure   Level
a - Beastly Appendage     Tmut           26%        N/A       1%          1
b - Wereblood             Tmut           13%        N/A       2%          2
c - Ice Form              Ice/Tmut       10%        N/A       26%         4

Your spell library contained the following spells:

 Spells                   Type           Power      Damage    Failure   Level
 Slow                     Hex            8%         N/A       8%          1
 Spider Form              Tmut/Pois      7%         N/A       12%         3
 Confusing Touch          Hex            2%         N/A       22%         3
 Vampiric Draining        Necr           2%         2d6       22%         3


Dungeon Overview and Level Annotations

Branches:
Dungeon (3/15)

Altars:
Makhleb

Annotations:
D:3 Grinder, Jessica


Innate Abilities, Weirdness & Mutations

You are a creature of crystalline ice.
You have a powerful freezing melee attack.
Your maximum health is increased.
Your armour is entirely melded.
You are incapable of wielding weapons or throwing items.
You cannot wear most types of armour.
You are amphibious.
You can wear up to eight rings at the same time.
((Your skin changes colour to match your surroundings (Stealth+).))
((Your rubbery body absorbs attacks. (AC +1, EV +1)))
((You are camouflaged when in or above water. (Stealth+)))
((You have tentacles for arms and can constrict up to eight enemies at once.))


Message History

You feel less wooden.
Jessica mumbles some strange words.
Jessica blinks!
The gnoll hits you from afar with a +0 spear.
The gnoll completely misses you.
You climb upwards.
There is a stone staircase leading down here.
HP restored.
Done exploring.
Done exploring.
Done exploring.
There is a stone staircase leading down here.
You climb downwards.
Level annotation: Grinder, Jessica
There is a stone staircase leading up here.
There is a stone staircase leading down here.
a - a ring of wizardry Grinder shouts!
Grinder is nearby!
Grinder is nearby!
Grinder blinks!
Grinder attacks as you move away! Grinder hits you.
You writhe in agony.
a - a ring of wizardry (left tentacle)
Casting: Ice Form (extremely dangerous; 26% risk of failure)
Confirm with . or Enter, or press ? or * to list all spells.
The spell is extremely dangerous to miscast (26% risk of failure)!
Continue anyway?
You turn into a creature of crystalline ice.
Grinder hits you.
You writhe in agony.
You hit Grinder but do no damage. Grinder closely misses you.
You hit Grinder but do no damage. Grinder gestures at you.
Pain shoots through your body!
You punch Grinder!
Grinder is moderately wounded.
Grinder hits you.
You writhe in agony.
You punch Grinder!
Grinder is heavily wounded.
Grinder gestures at you. Pain shoots through your body!
You die...

.....##.###..# #.....
...###### .# ..#.#
.......# .# . #.#.#
#......# #. .. #.#.#
#.#....# .. ...##...#
#.#....# 5# #......#
##.#....##.#
#......###..#.....#.#
#.....<>.....Y5.....#
#...........#########
#...........#
#...........#
#...........#
#######.....# #.....#
#######


You could see Grinder.

Vanquished Creatures
  An orc wizard (D:3)
  2 gnolls (D:3)
  3 adders (D:3)
  3 worms (D:2)
  9 orcs (D:3)
  3 ball pythons
  2 endoplasms (D:1)
  A giant cockroach (D:2)
  6 goblins
  5 hobgoblins
  4 kobolds
  7 bats
  4 frilled lizards
  5 rats
55 creatures vanquished.

Vanquished Creatures (others)
  6 withered plants (D:3)
6 creatures vanquished.

Grand Total: 61 creatures vanquished

Notes
Turn   | Place    | Note
-------+----------+-------------------------------------------
     0 | D:1      | wormed the Octopode Transmuter began the quest for the Orb.
     0 | D:1      | Reached XP level 1. HP: 13/13 MP: 3/3
   157 | D:1      | Reached XP level 2. HP: 7/18 MP: 5/5
   243 | D:1      | Learned a level 2 spell: Wereblood
   805 | D:1      | Identified a scroll of acquirement
   805 | D:1      | Acquired 1279 gold pieces
   894 | D:2      | Found a burning altar of Makhleb.
  1123 | D:2      | Reached XP level 3. HP: 23/23 MP: 2/6
  1698 | D:3      | Reached skill level 1 in Ice Magic
  1746 | D:3      | Noticed Grinder
  1754 | D:3      | Reached XP level 4. HP: 28/28 MP: 3/7
  1781 | D:2      | Learned a level 4 spell: Ice Form
  1782 | D:3      | Noticed Jessica
  1858 | D:3      | Reached XP level 5. HP: 17/34 MP: 8/8
  1993 | D:3      | Killed from afar by Grinder

Illustrated notes

Levels and vault maps discovered:
D:1:      elethiomel_arrival_quiet, layout_basic, serial_bayou_pond_d
D:2:      layout_loops_ring, basic_altar
D:3:      layout_rooms, kiku_gazebo_garden_becter,
          hellmonk_ghost_happy_afterlife, uniq_grinder, uniq_jessica

Skill      XL: |  1  2  3  4 |
---------------+-------------+-----
Ice Magic      | 1 |  1.4
Transmutations | 3 |  3.3
Fighting       | |  1.9
Dodging        | |  2.5
Unarmed Combat | |  3.5
Spellcasting   | |  2.4

Action                   |  1- 3 |  4- 6 || total
-------------------------+-------+-------++-------
Melee: Unarmed           |    83 |    44 ||   127
       Kick              |    16 |       ||    16
       Constrict         |    20 |       ||    20
       Tentacles         |    11 |       ||    11
       Punch             |     4 |     2 ||     6
 Cast: Beastly Appendage |    21 |     1 ||    22
       Wereblood         |     7 |       ||     7
       Ice Form          |       |     2 ||     2
  Use: Scroll            |     8 |       ||     8
       Potion            |       |     1 ||     1
 Stab: Sleeping          |     5 |       ||     5
Armor: Skin              |     9 |    58 ||    67
Dodge: Dodged            |    47 |    14 ||    61

Table legend: (Time is in decaauts)
 A = Elapsed time spent in this place.
 B = Non-inter-level travel time spent in this place.
 C = Inter-level travel time spent in this place.
 D = Time resting spent in this place.
 E = Time spent auto-exploring this place.
 F = Levels seen in this place.
 G = Mean time per level.
                   A        B        C        D        E       F      G
               +--------+--------+--------+--------+--------+-----+--------+
         Total |   1987 |   1864 |    123 |      0 |   1480 |   3 |  662.3 |
       Dungeon |   1987 |   1864 |    123 |      0 |   1480 |   3 |  662.3 |
               +--------+--------+--------+--------+--------+-----+--------+

Top non-repeatable levels by time:
     D:2: 885 daAuts
     D:1: 866 daAuts
     D:3: 236 daAuts
